 Dungeon Crawl Stone Soup version 0.26-a0-451-gacbe401039 (webtiles) character file.

Game seed: 15277643901665542534

244 MrRokkomies the Skirmisher (level 5, -2/46 HPs)
             Began as a Palentonga Delver on July 28, 2020.
             Was an Initiate of Makhleb.
             Slain by a two-headed ogre
             ... wielding a +0 giant club
              (17 damage)
             ... on level 3 of the Dungeon.
             The game lasted 00:03:10 (1141 turns).

MrRokkomies the Skirmisher (Palentonga Delver)      Turns: 1141, Time: 00:03:11

Health: -2/46      AC:  4    Str: 18    XL:     5   Next: 83%
Magic:  5/5        EV: 10    Int: 12    God:    Makhleb [......]
Gold:   43         SH:  0    Dex: 11    Spells: 4/4 levels left

rFire    . . .     SeeInvis +   e - +6 hunting sling of Compulsion {vorpal, *Drain rN+ Str+3 Stlth+}
rCold    . . .     Faith    .   (no shield)
rNeg     + . .     Spirit   .   b - +0 leather armour
rPois    .         Reflect  .   (no helmet)
rElec    .         Harm     .   (no cloak)
rCorr    .                      (no gloves)
MR       .....                  (boots restricted)
Stlth    +++.......             (no amulet)
HPRegen  0.15/turn              (no ring)
MPRegen  0.09/turn              (no ring)

@: hasted, very quick
A: large, rugged brown scales 3, see invisible, deformed body, roll, armoured
tail
a: Rolling Charge, Renounce Religion


You were on level 3 of the Dungeon.
You worshipped Makhleb.
Makhleb was noncommittal.
You visited 1 branch of the dungeon, and saw 3 of its levels.

You collected 43 gold pieces.

Inventory:

Hand Weapons
 a - a +0 mace
 e - the +6 hunting sling of Compulsion (weapon) {vorpal, *Drain rN+ Str+3 Stlth+}
   (You found it on level 4 of the Dungeon)

   Any stone fired from it inflicts extra damage.
   It affects your strength (+3).
   It protects you from negative energy.
   It causes draining when unequipped.
   It makes you more stealthy.
Missiles
 i - 10 poisoned darts
 k - 88 stones (quivered)
 m - 15 sling bullets
Armour
 b - a +0 leather armour (worn)
 h - a +0 plate armour
Wands
 g - a wand of digging (3)
Scrolls
 c - a scroll of fog
 d - a scroll of magic mapping
 l - a scroll of identify {unknown}
 o - a scroll of remove curse {unknown}
 p - a scroll of enchant armour {unknown}
Potions
 f - a potion of haste
 j - 3 potions of invisibility {unknown}
 n - a potion of curing {unknown}


   Skills:
 * Level 4.7 Fighting
 * Level 4.1 Maces & Flails
 + Level 2.6 Dodging
 - Level 3.3 Stealth
 + Level 0.0 Invocations


You had 4 spell levels left.
You didn't know any spells.
Your spell library contained the following spells:

 Spells                   Type           Power        Failure   Level
 Beastly Appendage        Tmut           #.....       36%         1
 Wereblood                Tmut           #.......     52%         2
 Spider Form              Tmut/Pois      #.........   75%         3
 Ice Form                 Ice/Tmut       #.......     98%         4
 Blade Hands              Tmut           #.........   100%        5


Dungeon Overview and Level Annotations

Branches:
Dungeon (5/15)
 Temple: D:4-7

Altars:
Makhleb
Xom


Innate Abilities, Weirdness & Mutations

You are completely covered in rugged brown scales. (AC +3, +7% HP)
You have supernaturally acute eyesight. (SInv)
Armour fits poorly on your strangely shaped body.
You can roll at foes to attack.
You have a long armoured tail.


Message History

Aim: a two-headed ogre, wielding two +0 giant clubs (lightly wounded)
You shoot a stone. The stone hits the two-headed ogre.
The two-headed ogre is moderately wounded.
Firing (i - inventory. (/) - cycle)
k - 90 stones (quivered)
Press: ? - help, Shift-Dir - straight line, f/p - two-headed ogre
Aim: a two-headed ogre, wielding two +0 giant clubs (moderately wounded)
You shoot a stone.
The stone closely misses the two-headed ogre.
Firing (i - inventory. (/) - cycle)
k - 89 stones (quivered)
Press: ? - help, Shift-Dir - straight line, f/p - two-headed ogre
Aim: a two-headed ogre, wielding two +0 giant clubs (moderately wounded)
You shoot a stone. The stone hits the two-headed ogre.
The two-headed ogre is moderately wounded.
The two-headed ogre hits you with a +0 giant club!
The two-headed ogre hits you with a +0 giant club!!
Okay, then.
Unknown command.
You feel yourself speed up.
The two-headed ogre hits you with a +0 giant club!
You die...

###....###.#..#.. .#
#....###
#....#.#######.#
#.####
###.>#.....†.#.# #.#
##.#..####.#.# #.#
####.#..#.......
........#
#....#..#.#..###
.....####
#.#.....#.#.## ....
########.#.....#.#.#
...
#(((.O@..#######.#.#
..
...#####..........#.#
. #.####.......# #.#
#[#...### #.#
#.#..<..# #.#
#.#.###.# ..#
#.#...#.# ###
#.#.#.#.# #.#...#.#


You could see a two-headed ogre.

Vanquished Creatures
  An ice beast (D:3)
  A hound (D:4)
  2 centaur skeletons (D:4)
  Natasha (D:4)
  A worker ant (D:4)
  A white imp (D:4)
  An adder skeleton (D:4)
  A dart slug (D:4)
  2 giant cockroaches
  A kobold (D:3)
  A quokka (D:4)
  2 frilled lizards
  3 rats (D:3)
18 creatures vanquished.

Notes
Turn   | Place    | Note
-------+----------+-------------------------------------------
     0 | D:5      | MrRokkomies the Palentonga Delver began the quest for the
                  | Orb.
     0 | D:5      | Reached XP level 1. HP: 19/19 MP: 1/1
    16 | D:5      | Noticed an iguana
    16 | D:5      | Noticed a big kobold
    87 | D:4      | Got a transparent hunting sling
    88 | D:4      | Identified the +6 hunting sling of Compulsion {vorpal,
                  | *Drain rN+ Str+3 Stlth+} (You found it on level 4 of the
                  | Dungeon)
   340 | D:4      | Reached XP level 2. HP: 25/25 MP: 2/2
   340 | D:4      | Reached XP level 3. HP: 31/31 MP: 3/3
   396 | D:4      | Reached XP level 4. HP: 39/39 MP: 4/4
   440 | D:4      | Found a shimmering altar of Xom.
   551 | D:4      | Noticed Natasha
   554 | D:4      | Killed Natasha
   554 | D:4      | Reached XP level 5. HP: 30/44 MP: 5/5
   975 | D:3      | Noticed an ice beast
   981 | D:3      | Killed an ice beast
  1032 | D:3      | Found a burning altar of Makhleb.
  1063 | D:3      | Became a worshipper of Makhleb the Destroyer
  1135 | D:3      | Noticed a two-headed ogre
  1141 | D:3      | Slain by a two-headed ogre

Illustrated notes

Levels and vault maps discovered:
D:3:      layout_basic, lemuel_doored_altar
D:4:      layout_basic, kennysheep_mini, minmay_liquid_box, uniq_natasha
D:5:      layout_cave_pods, ashenzari_altar_1, lemuel_round_altar,
          minmay_temple_entry_offerings, kennysheep_doodads, uniq_pikel

Skill      XL: |  1  2  3  4  5 |
---------------+----------------+-----
Maces & Flails | 3 4 |  4.1
Dodging        | 2 |  2.6
Fighting       | 4 |  4.7
Stealth        | |  3.3

Action                   |  1- 3 |  4- 6 || total
-------------------------+-------+-------++-------
Melee: Mace              |     3 |       ||     3
 Fire: Hunting sling     |    13 |    35 ||    48
  Use: Scroll            |     1 |       ||     1
       Potion            |       |     1 ||     1
Armor: Leather armour    |     5 |     1 ||     6
Dodge: Dodged            |     1 |     3 ||     4

Table legend: (Time is in decaauts)
 A = Elapsed time spent in this place.
 B = Non-inter-level travel time spent in this place.
 C = Inter-level travel time spent in this place.
 D = Time resting spent in this place.
 E = Time spent auto-exploring this place.
 F = Levels seen in this place.
 G = Mean time per level.
                   A        B        C        D        E       F      G
               +--------+--------+--------+--------+--------+-----+--------+
         Total |   1150 |   1133 |     17 |      0 |    931 |   3 |  383.3 |
       Dungeon |   1150 |   1133 |     17 |      0 |    931 |   3 |  383.3 |
               +--------+--------+--------+--------+--------+-----+--------+

Top non-repeatable levels by time:
     D:4: 786 daAuts
     D:3: 291 daAuts
     D:5: 71 daAuts
